 Dungeon Crawl Stone Soup version 0.29-a0-222-g5b244fca1f (webtiles) character file.

Game seed: 4585116493124095801

4410 Colgate the Severer (level 10, -3/86 HPs)
             Began as a Deep Dwarf Berserker on Feb 27, 2022.
             Was an Elder of Trog.
             Slain by a gnoll sergeant
             ... wielding a +4 trident of protection
              (4 damage)
             ... on level 7 of the Dungeon.
             The game lasted 00:51:15 (8036 turns).

Colgate the Severer (Deep Dwarf Berserker)          Turns: 8036, Time: 00:51:16

Health: -3/86      AC: 18    Str: 28    XL:     10   Next: 14%
Magic:  8/8        EV: 12    Int:  9    God:    Trog [****..]
Gold:   193        SH:  0    Dex: 14    Spells: 9/9 levels left

rFire   . . .      SeeInvis .   a - +0 battleaxe
rCold   . . .      Faith    .   (shield currently unavailable)
rNeg    . . .      Spirit   .   H - +4 ring mail {Will+}
rPois   +          Reflect  .   C - +2 helmet
rElec   .          Harm     .   k - +2 cloak
rCorr   .          Rampage  .   E - +1 pair of gloves
Will    ++...                   (no boots)
Stlth   +.........              (no amulet)
HPRegen 0.00/turn               z - ring of poison resistance
MPRegen 0.11/turn               D - +6 ring of strength

@: no status effects
A: damage resistance, heal wounds, sense surroundings 2, no regeneration
a: Heal Wounds, Renounce Religion, Berserk, Trog's Hand, Brothers in Arms


You were on level 7 of the Dungeon.
You worshipped Trog.
Trog was greatly pleased with you.
You visited 1 branch of the dungeon, and saw 7 of its levels.
You also visited: Ossuary.

You collected 584 gold pieces.
You spent 391 gold pieces at shops.

Inventory:

Hand Weapons
 a - a +0 battleaxe (weapon)
 b - a +0 shortbow
 y - a +0 hunting sling
 K - a +0 war axe
Missiles
 i - 252 stones
 w - 3 poisoned darts (quivered)
Armour
 g - the +1 ring mail "Napehoos" {rPois Regen+ rCorr}
   (You took it off an orc on level 4 of the Dungeon)

   rPois:     It protects you from poison.
   Regen:     It increases your rate of health regeneration.
   rCorr:     It protects you from acid and corrosion.
 k - a +2 cloak (worn)
 s - the +1 leather armour "Meffuy" {rElec rC+ Will++ Stlth-}
   (You found it on level 3 of the Dungeon)

   rC:        It protects you from cold.
   rElec:     It insulates you from electricity.
   Will:      It greatly increases your willpower.
   Stlth:     It makes you less stealthy.
 C - a +2 helmet (worn)
 E - a +1 pair of gloves (worn)
 H - a +4 ring mail of willpower (worn)
Jewellery
 d - a +6 ring of intelligence
 o - a ring of ice
 r - the ring "Gucet" {Ice Drain rElec rN++ Dex+4}
   (You found it in an ossuary)

   [ring of ice]

   It enhances your ice magic.
   Dex:       It affects your dexterity (+4).
   rF:        It makes you vulnerable to fire.
   rC:        It protects you from cold.
   rElec:     It insulates you from electricity.
   rN:        It greatly protects you from negative energy.
   Drain:     It drains your maximum health when unequipped.
 t - a ring of flight
 z - a ring of poison resistance (left hand)
 D - a +6 ring of strength (right hand)
Wands
 u - a wand of digging (7) {@v3}
 G - a wand of flame (8)
Scrolls
 f - 4 scrolls of noise
 h - a scroll of teleportation {@r3}
 q - a scroll of silence {unknown}
 A - a scroll of immolation {unknown}
 I - a scroll of holy word {unknown}
 J - a scroll of fog
 L - a scroll of brand weapon {unknown}
 M - a scroll of amnesia
Potions
 c - a potion of ambrosia
 e - a potion of attraction
 j - 3 potions of haste {@q4}
 l - a potion of lignification
 m - 7 potions of curing {@q1}
 n - 7 potions of heal wounds {@q2}
 p - 2 potions of invisibility
 v - a potion of magic
 x - a potion of cancellation
 B - a potion of brilliance {unknown}
 F - a potion of degeneration


   Skills:
 - Level 4.2 Fighting
 + Level 15.1 Axes
 - Level 4.2 Armour
 - Level 3.5 Dodging


You had 9 spell levels left.
You didn't know any spells.
Your spell library was empty.

Dungeon Overview and Level Annotations

Branches:
Dungeon (7/15)             Temple (0/1) D:6         Ossuary (visited)

Altars:
Dithmenos
Gozag
The Shining One

Shops:
D:5 [(

Annotations:
D:3 ogre


Innate Abilities, Weirdness & Mutations

You are resistant to damage.
You can heal yourself by infusing magical energy.
You passively map the area around you.
You do not regenerate.


Message History

* * * LOW HITPOINT WARNING * * *
You slash the gargoyle! You barely miss the wight.
The wight closely misses you. The gargoyle hits you with a +0 mace.
The wight misses you.
You hit the gargoyle. You barely miss the wight.
You feel yourself speed up. The gargoyle misses you.
The wight hits you with a +2 long sword.
The gargoyle hits you with a +0 mace!
* * * LOW HITPOINT WARNING * * *
You hit the gargoyle but do no damage. You slash the wight!
The wight barely misses you. The gargoyle completely misses you.
You slice the gargoyle!!
You destroy the gargoyle!
Trog accepts your kill.
You can now call in reinforcements.
You slash the wight!
You destroy the wight!
Trog accepts your kill.
Your Axes skill increases to level 15!
You see here a +0 mace.
The gnoll shouts!
A kobold demonologist comes into view. It is wielding a +0 dagger.
The gnoll sergeant shouts!
The gnoll shouts!
You barely miss the gnoll. The gnoll hits you but does no damage.
The gnoll shouts!
You slash the gnoll!
The kobold demonologist miscasts a cantrip.
The gnoll closely misses you.
You closely miss the gnoll.
You recover from your berserk rage.
The gnoll hits you but does no damage.
You slice the gnoll!!
You kill the gnoll!
Trog accepts your kill.
The kobold demonologist mumbles some strange words.
You slash the gnoll!
You kill the gnoll!
Trog accepts your kill.
The gnoll sergeant hits you from afar with a +4 trident of protection!
You die...

, .., , .....# , ,
... , .....# , , *
...#+###.....#♣ ,*
,,, ,,
.............9* , , *
* #............ *, ,
#...g....$... * * , ,
, #..........#* ,,**
, , #...3).....# , ,*
*, ,##@)gK).....# **,
, #....†###'#.# * ,
#.....# , * * , ,,
,##, #.....# ,* , ...
, #.....# , * * * ,
#..#####.....##+## ,
, ,,
,.#.......)........#
* , *
........).........# ,
..................#,,
,


You could see a kobold demonologist, a smoke demon (summoned), a gnoll sergeant
and a gnoll.

Vanquished Creatures
  A gargoyle (D:7)
  A yak (D:7)
  2 water moccasins
  An orc warrior (D:6)
  2 ice beasts
  A black bear (D:4)
  A necrophage (D:4)
  5 ogres
  A lemure (D:6)
  2 centaurs
  3 phantoms
  A bullfrog (D:6)
  12 scorpions
  6 wights
  A howler monkey (D:5)
  2 centaur zombies (Ossuary)
  2 human zombies (Ossuary)
  4 orc priests
  3 hounds
  A gnoll shaman (D:4)
  2 iguanas
  6 scorpion zombies (Ossuary)
  3 mummies (Ossuary)
  6 gnolls
  10 adders
  8 river rats (D:5)
  A shadow imp (D:4)
  3 worms
  3 dart slugs
  30 orcs
  9 bats
  6 endoplasms
  6 giant cockroaches
  6 goblins
  8 hobgoblins
  7 quokkas
  7 ball pythons
  2 frilled lizards (D:1)
  3 goblin zombies (Ossuary)
  2 hobgoblin zombies (Ossuary)
  9 kobolds
  3 kobold zombies (Ossuary)
  2 orc zombies (Ossuary)
  18 rats
212 creatures vanquished.

Vanquished Creatures (collateral kills)
  Pikel (D:6)
  A scorpion (D:6)
2 creatures vanquished.

Vanquished Creatures (others)
  A plant (D:7)
1 creature vanquished.

Grand Total: 215 creatures vanquished

Notes
Turn   | Place    | Note
-------+----------+-------------------------------------------
     0 | D:1      | Colgate the Deep Dwarf Berserker began the quest for the
                  | Orb.
     0 | D:1      | Reached XP level 1. HP: 20/20 MP: 1/1
   222 | D:1      | Reached skill level 4 in Axes
   222 | D:1      | Reached XP level 2. HP: 24/27 MP: 2/2
   533 | D:1      | Found a faded altar of an unknown god.
   622 | D:2      | Reached XP level 3. HP: 16/33 MP: 3/3
   636 | D:2      | Reached ** piety under Trog
   670 | D:2      | Reached skill level 5 in Axes
   807 | D:2      | Reached XP level 4. HP: 39/40 MP: 4/4
  1447 | D:3      | Noticed an ogre
  1669 | D:3      | Identified the +1 leather armour "Meffuy" {rElec rC+ Will++
                  | Stlth-}
  1691 | D:3      | Reached skill level 6 in Axes
  2090 | D:3      | Reached XP level 5. HP: 43/46 MP: 5/5
  3182 | D:4      | Noticed an ogre
  3324 | D:4      | Noticed a black bear
  3328 | D:4      | Noticed a centaur
  3329 | D:4      | Reached skill level 7 in Axes
  3335 | D:4      | Killed a black bear
  3336 | D:4      | Reached XP level 6. HP: 55/55 MP: 6/6
  3337 | D:4      | Reached skill level 8 in Axes
  3445 | D:4      | Identified the +1 ring mail "Napehoos" {rPois Regen+ rCorr}
  3487 | D:4      | Reached XP level 7. HP: 38/61 MP: 7/7
  3504 | D:4      | Reached skill level 9 in Axes
  3762 | D:3      | Reached skill level 10 in Axes
  5156 | D:4      | Reached XP level 8. HP: 68/68 MP: 6/6
  5322 | D:4      | Reached skill level 11 in Axes
  5536 | D:5      | Entered Level 5 of the Dungeon
  5591 | D:5      | Found Ikiutuab's Antique Armour Boutique.
  5606 | D:5      | Bought a shiny helmet for 202 gold pieces
  5743 | D:5      | Found a glowing golden altar of the Shining One.
  5818 | D:5      | Bought a shiny ring mail for 189 gold pieces
  5891 | D:5      | Found Jecuomef's Weapon Emporium.
  6182 | D:5      | Reached skill level 12 in Axes
  6321 | D:5      | Reached *** piety under Trog
  6481 | D:6      | Noticed Pikel
  6492 | D:6      | Killed Pikel
  6493 | D:6      | Reached skill level 13 in Axes
  6493 | D:6      | Gained mutation: You passively map the area around you.
                  | [Deep Dwarf growth]
  6493 | D:6      | Reached XP level 9. HP: 74/74 MP: 7/7
  6574 | D:6      | Found a sand-covered staircase.
  6584 | Ossuary  | Entered an ossuary
  6706 | Ossuary  | Reached skill level 14 in Axes
  6919 | Ossuary  | Identified the ring "Gucet" {Ice Drain rElec rN++ Dex+4}
  7293 | D:6      | Found a shadowy altar of Dithmenos.
  7329 | D:6      | Found a staircase to the Ecumenical Temple.
  7660 | D:6      | Reached **** piety under Trog
  7763 | D:6      | Found an opulent altar of Gozag.
  7994 | D:7      | Reached XP level 10. HP: 86/86 MP: 8/8
  8001 | D:7      | Noticed a gargoyle
  8022 | D:7      | HP: 1/86 [gargoyle/+0 mace (8)]
  8024 | D:7      | Killed a gargoyle
  8025 | D:7      | Reached skill level 15 in Axes
  8036 | D:7      | Noticed a smoke demon
  8036 | D:7      | Slain by a gnoll sergeant

Illustrated notes

Levels and vault maps discovered:
D:1:      scummos_arrival_simple_crosswalls, layout_rooms,
          shapermc_ecumenical_altar_flowoftime
D:2:      layout_basic
D:3:      layout_loops_corners, nrook_campfire
D:4:      minmay_octagon_keep, layout_layer_cave, kennysheep_generic_room_11
D:5:      lemuel_ratsnest, layout_rooms, mainiacjoe_overflow_brackets,
          serial_shops, shop_coins, shop
D:6:      layout_gridville, nicolae_dithmenos_shadow_blocks,
          grunt_gozag_statues, minmay_temple_entry_junction,
          nicolae_ossuary_entry_monument, uniq_pikel
D:7:      nzn_winding_woodlands_small [nzn_winding_woodlands_5x15_lazy_stream,
          nzn_winding_woodlands_center_triple_pond,
          nzn_winding_woodlands_5x15_zeroes], layout_gridville,
          mainiacjoe_overflow_small_starburst, corexii_checkpoint_a,
          minmay_misc_feat_more_columns

Skill      XL: |  1  2  3  4  5  6  7  8  9 10 |
---------------+-------------------------------+-----
Axes           | 4 5 6 7 8 10 13 14 15 | 15.1
Fighting       | 4 |  4.2
Armour         | 4 |  4.2
Dodging        | 3 |  3.5

Action                   |  1- 3 |  4- 6 |  7- 9 | 10-12 || total
-------------------------+-------+-------+-------+-------++-------
Melee: Hand axe          |    77 |    91 |       |       ||   168
       Punch             |     2 |     1 |     3 |       ||     6
       War axe           |       |    28 |   332 |       ||   360
       Battleaxe         |       |       |    10 |    18 ||    28
 Fire: Shortbow          |       |     6 |   149 |       ||   155
Throw: Stone             |    18 |    28 |     1 |       ||    47
       Dart              |       |    38 |     4 |       ||    42
Invok: Berserk           |     1 |     8 |    21 |       ||    30
       Trog's Hand       |       |       |     1 |       ||     1
 Abil: Heal Wounds       |     1 |       |     4 |       ||     5
Evoke: Wand              |       |       |     3 |       ||     3
  Use: Scroll            |       |     7 |    14 |       ||    21
Armor: Animal skin       |     6 |       |       |       ||     6
       Leather armour    |    13 |     1 |       |       ||    14
       Ring mail         |       |    36 |   125 |     8 ||   169
Dodge: Dodged            |    37 |    66 |   134 |    10 ||   247

Table legend: (Time is in decaauts)
 A = Elapsed time spent in this place.
 B = Non-inter-level travel time spent in this place.
 C = Inter-level travel time spent in this place.
 D = Time resting spent in this place.
 E = Time spent auto-exploring this place.
 F = Levels seen in this place.
 G = Mean time per level.
                   A        B        C        D        E       F      G
               +--------+--------+--------+--------+--------+-----+--------+
         Total |   8329 |   7456 |    873 |   1037 |   4248 |   8 | 1041.1 |
       Dungeon |   7636 |   6763 |    873 |    887 |   4099 |   7 | 1090.9 |
       Ossuary |    693 |    693 |      0 |    150 |    149 |   1 |  693.0 |
               +--------+--------+--------+--------+--------+-----+--------+

Top non-repeatable levels by time:
     D:3: 2476 daAuts
     D:4: 1588 daAuts
     D:2: 1056 daAuts
     D:5: 939 daAuts
     D:6: 867 daAuts
 Ossuary: 693 daAuts
     D:1: 611 daAuts
     D:7: 97 daAuts
